Map: Oxide LE

Players

ShoWTimE - Winner!

  • Race: Protoss Protoss

DnS

  • Race: Protoss Protoss

Event: DreamHack SC2 Masters 2021 Winter

VOD

Have the link to the VOD?

Description

Time

  • Played on: Sept. 30, 2021, 1:29 p.m.
  • Length: 13:04

All games in this series

Show
View Real Time Build Order
Export as new Build Order

ShoWTimE Protoss - Winner!

Build Orders: Phoenix Opening, Carriers, Mass Phoenix 

Get SALT Encoding   

  12  0:00  Probe  
  13  0:12  Probe  
  14  0:17  Pylon  
  14  0:24  Probe  
  15  0:35  Gateway  
  15  0:37  Probe (Chrono Boost)  
  16  0:46  Assimilator, Probe (Chrono Boost)  
  17  0:51  Probe (Chrono Boost)  
  18  1:03  Probe (Chrono Boost)  
  19  1:04  Assimilator  
  19  1:09  Pylon  
  19  1:13  Probe (Chrono Boost)  
  20  1:18  Probe (Chrono Boost)  
  20  1:23  Cybernetics Core  
  21  1:29  Probe  
  21  1:31  Zealot  
  24  1:41  Probe  
  25  1:54  Probe  
  26  2:02  Stargate  
  26  2:18  Nexus  
  26  2:24  Probe  
  27  2:30  Pylon  
  27  2:31  Warp Gate  
  27  2:36  Probe  
  28  2:44  Phoenix (Chrono Boost)  
  28  2:48  Probe  
  31  3:00  Phoenix (Chrono Boost), Probe  
  34  3:12  Probe  
  35  3:17  Assimilator  
  35  3:20  Phoenix (Chrono Boost)  
  35  3:24  Probe  
  37  3:30  Probe  
  38  3:36  Probe  
  38  3:37  Phoenix (Chrono Boost)  
  41  3:42  Probe  
  41  3:47  Stargate  
  42  3:48  Probe  
  42  3:54  Probe  
  42  3:55  Assimilator  
  44  3:59  Phoenix  
  44  4:02  Probe  
  47  4:06  Probe  
  47  4:09  Pylon  
  48  4:14  Probe  
  49  4:18  Probe (Chrono Boost)  
  50  4:24  Phoenix  
  50  4:30  Probe (Chrono Boost)  
  50  4:31  Probe (Chrono Boost)  
  54  4:33  Phoenix  
  58  4:38  Probe (Chrono Boost)  
  58  4:40  Probe (Chrono Boost)  
  58  4:45  Probe  
  58  4:48  Pylon  
  58  4:49  Phoenix  
  61  4:53  Probe  
  62  5:01  Fleet Beacon  
  62  5:06  Phoenix, Probe x2  
  66  5:11  Pylon  
  66  5:16  Phoenix  
  68  5:29  Nexus  
  68  5:32  Pylon  
  68  5:34  Probe  
  68  5:35  Probe  
  70  5:38  Phoenix  
  72  5:43  Anion Pulse-Crystals (Chrono Boost), Phoenix  
  74  5:50  Probe  
  74  5:51  Probe  
  74  5:54  Pylon  
  76  6:02  Probe  
  76  6:03  Probe  
  78  6:04  Phoenix (Chrono Boost)  
  78  6:09  Pylon  
  80  6:14  Probe  
  80  6:15  Probe  
  84  6:20  Assimilator  
  84  6:22  Phoenix (Chrono Boost)  
  84  6:23  Assimilator  
  84  6:26  Probe, Pylon  
  84  6:27  Phoenix (Chrono Boost), Probe  
  88  6:39  Probe x2  
  88  6:40  Phoenix (Chrono Boost)  
  88  6:42  Probe  
  88  6:46  Phoenix  
  91  6:51  Probe x2  
  87  6:54  Probe  
  88  7:03  Probe x2  
  88  7:05  Phoenix (Chrono Boost)  
  88  7:06  Pylon  
  88  7:07  Probe  
  93  7:10  Stargate  
  93  7:13  Zealot, Phoenix (Chrono Boost)  
  93  7:15  Probe  
  98  7:16  Probe  
  98  7:19  Probe  
  100  7:25  Phoenix (Chrono Boost)  
  100  7:27  Probe  
  100  7:28  Probe  
  100  7:29  Phoenix (Chrono Boost)  
  102  7:31  Probe  
  103  7:42  Carrier (Chrono Boost)  
  109  7:55  Shield Battery  
  109  7:56  Pylon  
  109  7:58  Carrier (Chrono Boost), Forge  
  115  8:00  Nexus  
  121  8:09  Shield Battery  
  121  8:11  Carrier (Chrono Boost)  
  121  8:13  Probe x3  
  124  8:20  Pylon  
  124  8:21  Pylon  
  124  8:27  Cybernetics Core, Assimilator  
  124  8:28  Probe x3  
  124  8:33  Protoss Air Weapons Level 1 (Chrono Boost), Assimilator  
  124  8:34  Photon Cannon, Pylon  
  127  8:39  Photon Cannon  
  133  8:43  Carrier (Chrono Boost)  
  133  8:44  Probe x2  
  133  8:48  Gateway  
  135  8:51  Carrier (Chrono Boost)  
  141  9:01  Probe  
  142  9:05  Shield Battery  
  142  9:07  Pylon  
  142  9:10  Carrier (Chrono Boost)  
  149  9:17  Probe x3  
  149  9:21  Pylon, Protoss Air Armor Level 1 (Chrono Boost)  
  151  9:29  Stargate  
  149  9:31  Pylon  
  149  9:42  Carrier (Chrono Boost)  
  149  9:44  Sentry  
  163  9:54  Carrier (Chrono Boost)  
  163  9:55  Pylon  
  163  9:57  Photon Cannon  
  163  10:01  Pylon  
  163  10:11  Nexus  
  163  10:12  Carrier (Chrono Boost)  
  163  10:20  Protoss Air Weapons Level 2 (Chrono Boost)  
  169  10:22  Robotics Facility  
  169  10:23  Pylon  
  175  10:31  Carrier (Chrono Boost)  
  175  10:32  Pylon  
  174  10:43  Stargate  
  180  10:50  Carrier (Chrono Boost)  
  180  10:51  Twilight Council  
  180  10:55  Assimilator  
  186  11:00  Assimilator  
  180  11:13  Photon Cannon  
  180  11:14  Shield Battery  
  180  11:15  Observer (Chrono Boost), Pylon  
  187  11:18  Carrier (Chrono Boost)  
  187  11:24  Carrier (Chrono Boost)  
  187  11:25  Photon Cannon  
  192  11:35  Carrier (Chrono Boost)  
  196  11:41  Photon Cannon  
  196  11:49  Observer  
  196  11:50  Observer  
  197  11:58  Photon Cannon  
  197  12:31  Stargate x2  
  197  12:32  Stargate  
  197  12:36  Stargate  
Show
View Real Time Build Order
Export as new Build Order

DnS Protoss 

Build Orders: Phoenix Opening, Carriers, Mass Phoenix 

Get SALT Encoding   

  12  0:00  Probe  
  13  0:12  Probe  
  14  0:17  Pylon  
  14  0:24  Probe (Chrono Boost)  
  15  0:36  Probe (Chrono Boost)  
  15  0:37  Gateway  
  16  0:45  Probe (Chrono Boost)  
  16  0:46  Assimilator  
  17  0:51  Probe  
  18  1:03  Probe (Chrono Boost)  
  19  1:05  Assimilator, Pylon  
  19  1:12  Probe (Chrono Boost)  
  19  1:17  Probe (Chrono Boost)  
  20  1:25  Cybernetics Core  
  21  1:29  Probe  
  22  1:33  Zealot  
  24  1:41  Probe  
  25  1:53  Probe  
  26  2:02  Stargate  
  26  2:05  Probe  
  27  2:23  Nexus  
  27  2:25  Probe  
  27  2:29  Warp Gate  
  28  2:34  Pylon  
  28  2:37  Probe  
  29  2:45  Phoenix (Chrono Boost)  
  31  2:52  Probe  
  32  3:03  Phoenix (Chrono Boost)  
  32  3:05  Probe  
  35  3:13  Assimilator  
  35  3:17  Probe  
  36  3:23  Phoenix (Chrono Boost)  
  38  3:32  Probe (Chrono Boost)  
  39  3:34  Probe (Chrono Boost)  
  41  3:43  Phoenix  
  41  3:44  Probe (Chrono Boost)  
  41  3:45  Probe (Chrono Boost)  
  44  3:50  Probe  
  44  3:55  Stargate  
  45  3:58  Probe  
  45  4:00  Shield Battery  
  45  4:02  Probe  
  47  4:10  Probe  
  47  4:11  Phoenix  
  47  4:14  Probe  
  47  4:16  Pylon  
  51  4:22  Assimilator, Probe  
  52  4:26  Probe  
  52  4:29  Pylon  
  53  4:34  Probe  
  53  4:36  Phoenix  
  53  4:38  Probe  
  56  4:40  Phoenix  
  58  4:47  Probe  
  58  4:50  Probe  
  60  4:53  Fleet Beacon  
  60  4:59  Probe  
  61  5:01  Phoenix  
  61  5:02  Probe  
  61  5:06  Pylon  
  64  5:11  Phoenix  
  64  5:13  Pylon  
  66  5:26  Phoenix  
  69  5:29  Nexus  
  69  5:30  Anion Pulse-Crystals (Chrono Boost)  
  68  5:38  Probe x2  
  70  5:43  Phoenix  
  70  5:44  Pylon  
  72  5:50  Probe x2  
  72  5:55  Phoenix  
  76  6:00  Pylon  
  76  6:02  Probe  
  77  6:08  Phoenix  
  77  6:11  Probe  
  80  6:14  Assimilator, Probe  
  81  6:19  Zealot, Assimilator  
  81  6:20  Phoenix  
  81  6:23  Probe  
  86  6:37  Phoenix  
  84  6:42  Phoenix  
  84  6:45  Probe  
  86  6:47  Probe x2, Stargate  
  81  6:54  Phoenix  
  81  6:56  Pylon  
  81  6:57  Probe  
  81  6:59  Probe x2  
  82  7:05  Phoenix  
  84  7:09  Probe  
  84  7:11  Probe x2  
  84  7:12  Gateway  
  84  7:15  Shield Battery  
  89  7:20  Phoenix (Chrono Boost)  
  89  7:22  Probe, Stargate  
  92  7:23  Probe x2  
  92  7:30  Phoenix (Chrono Boost)  
  92  7:34  Probe  
  96  7:40  Phoenix (Chrono Boost), Probe  
  96  7:44  Probe  
  95  7:46  Probe  
  95  7:50  Phoenix (Chrono Boost)  
  95  7:51  Phoenix (Chrono Boost)  
  98  7:52  Probe  
  98  7:56  Probe  
  98  7:58  Phoenix (Chrono Boost), Probe  
  101  8:04  Probe  
  102  8:08  Probe  
  102  8:09  Forge  
  102  8:10  Probe  
  102  8:12  Phoenix (Chrono Boost)  
  108  8:14  Phoenix (Chrono Boost)  
  108  8:15  Shield Battery  
  108  8:16  Probe  
  111  8:20  Phoenix (Chrono Boost)  
  111  8:25  Nexus  
  113  8:27  Pylon  
  113  8:31  Carrier (Chrono Boost)  
  115  8:37  Zealot  
  117  8:45  Photon Cannon  
  117  8:50  Photon Cannon  
  117  8:52  Photon Cannon  
  117  8:58  Pylon  
  117  9:00  Pylon  
  117  9:03  Pylon  
  117  9:06  Protoss Air Weapons Level 1 (Chrono Boost)  
  117  9:13  Pylon  
  123  9:19  Zealot  
  123  9:22  Carrier (Chrono Boost), Pylon  
  131  9:26  Probe x2  
  137  9:32  Carrier (Chrono Boost)  
  137  9:35  Carrier (Chrono Boost)  
  137  9:37  Photon Cannon, Probe  
  137  9:38  Probe x2  
  140  9:42  Sentry  
  143  9:45  Carrier (Chrono Boost)  
  143  9:46  Shield Battery  
  143  9:51  Photon Cannon  
  148  10:00  Probe x3  
  148  10:04  Assimilator  
  148  10:06  Carrier (Chrono Boost)  
  157  10:09  Assimilator  
  155  10:14  Adept  
  155  10:21  Cybernetics Core  
  157  10:24  Protoss Shields Level 1  
  163  10:29  Carrier (Chrono Boost)  
  163  10:34  Carrier (Chrono Boost)  
  167  10:47  Shield Battery x2  
  167  11:10  Shield Battery  
  167  11:12  Nexus  
  167  11:16  Protoss Air Weapons Level 2 (Chrono Boost), Zealot  
  169  11:30  Shield Battery  
  169  11:31  Shield Battery  
  169  11:39  Photon Cannon x2  
  169  11:41  Assimilator  
  169  11:42  Pylon  
  169  11:45  Assimilator  
  169  11:47  Stargate  
  169  11:48  Stargate  
  169  11:50  Stargate  
  169  11:52  Shield Battery  
  167  11:57  Pylon  
  179  12:02  Shield Battery  
  179  12:03  Shield Battery  
  179  12:04  Shield Battery  
  179  12:12  Pylon x2  
  179  12:13  Pylon  
  179  12:14  Pylon  
  179  12:16  Pylon  
  179  12:29  Pylon  

Tags
 
Add a new tag
Caveats
  • Supply blocks, unpowered buildings, or Contaminate may cause inaccurate times.
  • Supply counts are checked every 10 seconds.